 Dungeon Crawl Stone Soup version 0.30.1-3-gfc49f6343a (webtiles) character file.

Game seed: 5953588665192395802

35 thirteenthplace the Vexing (level 3, 0/14 HPs)
             Began as a Felid Enchanter on July 27, 2023.
             Succumbed to an adder's poison
             ... on level 2 of the Dungeon.
             The game lasted 00:10:53 (761 turns).

thirteenthplace the Vexing (Felid Enchanter)         Turns: 761, Time: 00:10:55

Health: 0/14       AC:  1    Str:  4    XL:     3   Next: 17%
Magic:  1/7        EV: 18    Int: 16    God:
Gold:   106        SH:  0    Dex: 18    Spells: 2/6 levels left
                                        Lives:  0   Deaths: 0

rFire   . .          .
                       - Unarmed
rCold   . . .        (shield unavailable)
rNeg    . . .        (body armour unavailable)
rPois   .            (helmet unavailable)
rElec   .            (cloak unavailable)
rCorr   .            (gloves unavailable)
SInv    +            (boots unavailable)
Will    .....        (no amulet)
Stlth   +++          (no ring)
HPRegen 0.22/turn    (no ring)
MPRegen 0.10/turn

%: no passive effects
@: lethally poisoned (0 -> -5), very slightly contaminated, invisible, quick
A: very small, claws 1, fangs 3, see invisible, speed 1, shaggy fur 1, stealthy
paws, no weapons or thrown items, no armour, multi-lived
a: no special abilities


You were on level 2 of the Dungeon.
You visited 1 branch of the dungeon, and saw 2 of its levels.

You collected 106 gold pieces.

Inventory:

Scrolls
 c - a scroll of teleportation {unknown}
 e - a scroll of identify {unknown}
 f - 3 scrolls of silence {unknown}
 g - a scroll of immolation {unknown}
 h - a scroll of magic mapping {unknown}
Potions
 b - a potion of curing {unknown}
 d - a potion of magic {unknown}


   Skills:
 + Level 2.8 Dodging
 + Level 4.7 Stealth
 + Level 1.9 Unarmed Combat
 + Level 2.1 Spellcasting
 + Level 4.9 Hexes


You had 2 spell levels left.
You knew the following spells:

 Your Spells              Type           Power      Damage    Failure   Level
a - Ensorcelled Hibernat  Hex/Ice        18%        N/A       11%         2
b - Lesser Beckoning      Tloc           2%         N/A       30%         2

Your spell library contained the following spells:

 Spells                   Type           Power      Damage    Failure   Level
 Freeze                   Ice            4%         1d3       21%         1
 Magic Dart               Conj           4%         1d3       21%         1
 Call Imp                 Summ           2%         N/A       30%         2
 Confusing Touch          Hex            17%        N/A       9%          3
 Tukima's Dance           Hex            17%        N/A       9%          3
 Dazzling Flash           Conj/Hex       18%        N/A       22%         3
 Frozen Ramparts          Ice            2%         1d1       52%         3
 Gell's Gravitas          Tloc           1%         N/A       52%         3
 Hailstorm                Conj/Ice       1%         3d3       52%         3
 Mephitic Cloud           Conj/Pois/Air  1%         N/A       52%         3
 Teleport Other           Tloc           1%         N/A       52%         3


Dungeon Overview and Level Annotations

Branches:
Dungeon (2/15)

Altars:


Innate Abilities, Weirdness & Mutations

You have sharp claws.
You have razor-sharp teeth.
You have supernaturally acute eyesight. (SInv)
You cover ground quickly. (Speed+)
You are covered in fur. (AC +1)
Your paws help you pounce on unaware monsters.
You are incapable of wielding weapons or throwing items.
You cannot wear armour.
You gain extra lives every three experience levels.


Message History

The adder hisses angrily.
The adder bites you.
You closely miss the adder. The adder bites you.
You closely miss the adder. The adder bites you.
You closely miss the adder. You claw the adder, but do no damage.
The adder misses you.
You scratch the adder but do no damage. The adder closely misses you.
Casting: Ensorcelled Hibernation (safe; 11% risk of failure)
Confirm with . or Enter, or press ? or * to list all spells.
Aiming: Ensorcelled Hibernation (safe; 11% risk of failure)
Press: ? - help, Shift-Dir - straight line, f - adder
Aim: an adder (chance to affect: 51%)
You miscast Ensorcelled Hibernation.
You are very lightly contaminated with residual magic.
Nothing appears to happen.
The adder closely misses you. The adder barely misses you.
Casting: Ensorcelled Hibernation (safe; 11% risk of failure)
Confirm with . or Enter, or press ? or * to list all spells.
Aiming: Ensorcelled Hibernation (safe; 11% risk of failure)
Press: ? - help, Shift-Dir - straight line, f/p - adder
Aim: an adder (chance to affect: 51%)
The adder resists with significant effort.
The adder misses you.
Casting: Ensorcelled Hibernation (safe; 11% risk of failure)
Confirm with . or Enter, or press ? or * to list all spells.
Aiming: Ensorcelled Hibernation (safe; 11% risk of failure)
Press: ? - help, Shift-Dir - straight line, f/p - adder
Aim: an adder (chance to affect: 51%)
The adder resists with significant effort.
The adder bites you but does no damage.
You barely miss the adder. The adder bites you.
You are lethally poisoned!
The adder poisons you! The adder bites you.
* * * LOW HITPOINT WARNING * * *
Okay, then.
You fade into invisibility!
* * * LOW HITPOINT WARNING * * *
You feel sick. The adder closely misses you.
You completely miss the adder.
You die...

............ ...........
..### #.......... #.# ....#
.......#. ..## .##..
#...#..# .#... #....#
#......####.....
#.##.###.#.#..............#
#....†.........S@.##..?....
..##.##....#.####..#.......
.###..#..# #.# ##........(
..).#....###.####...#.....#
....#........>#....## ....#
.........#.......#.# ..[.
#...#.#........#.#... ...
#.....##..........##... .g
#.#......##.........#.... #


You could see an adder (unable to see you).

Vanquished Creatures
  An adder (D:2)
  2 dart slugs
  2 bats
  An endoplasm (D:1)
  3 goblins
  4 hobgoblins
  3 kobolds
  A quokka (D:1)
  3 frilled lizards
  A rat (D:2)
21 creatures vanquished.

Notes
Turn   | Place    | Note
-------+----------+-------------------------------------------
     0 | D:1      | thirteenthplace the Felid Enchanter began the quest for the
                  | Orb.
     0 | D:1      | Reached XP level 1. HP: 7/7 MP: 4/4
   194 | D:1      | Reached XP level 2. HP: 11/11 MP: 6/6
   421 | D:1      | Learned a level 2 spell: Ensorcelled Hibernation
   424 | D:1      | Learned a level 2 spell: Lesser Beckoning
   698 | D:2      | Reached XP level 3. HP: 14/14 MP: 7/7
   761 | D:2      | Succumbed to an adder's poison

Illustrated notes

Levels and vault maps discovered:
D:1:      minmay_arrival_arboretum_small, layout_basic
D:2:      layout_rooms, dreamdust_mushroom_princess

Action                     || total
---------------------------++-------
  Melee: Unarmed           ||    60
         Bite              ||     4
         Punch             ||     4
   Cast: Ensorcelled Hiber ||     4
    Use: Potion            ||     2
         Scroll            ||     1
   Stab: Sleeping          ||     6
         Invisible         ||     2
 Armour: Skin              ||     3
  Dodge: Dodged            ||    47
